cohdb
Replays
Latest Replays
All Replays
Popular Replays
Top Player Replays
Match Explorer
How It Works
Community
CoH3 Stats
Reddit
Sign in to upload your games and track your stats! →
Sign in with Steam
Match 47207713
Unlisted
Match 47207713
Overview
Messages
Build Orders
End
Kradschützen Motorcycle Team
Panzerpioneer Squad
250 Light Carrier
Selects Panzerjäger Kommand Battlegroup
Selects Mine Fields
Construct Light Support Kompanie
Assault Grenadier Squad
Combat Half-tracks
Construct Mechanized Kompanie
Selects Tank Busters
Panzerjäger Squad
Fire Support Elements
le.IG 18 Mechanized Group
StuG III D Assault Gun
2.5-tonne Medical Truck
Selects Crew Shock Tactics
MG34 Team
Vehicle Survival Package
Rapid Advance
Construct Panzerarmee Kommand
Emergency Repair Kits
Selects Defensive Positions
Selects Butterfly Bomb Drop
Armored Reserves
Assault Grenadier Squad
Butterfly Bomb Drop
Flakvierling Half-track
Goodvyn
TheMonkeyInChargeOfBananas
0
0
Comments
sign in to comment!
No comments posted yet!